Map: Ley Lines

Players

Zealot - Winner!

  • Race: Protoss Protoss
  • League: Diamond
  • Spawn Location: 7:00

IlIlIlIlIlII

  • Race: Terran Terran
  • League: Diamond
  • Spawn Location: 1:00

VOD

Have the link to the VOD?

Description

Time

  • Played on: July 26, 2025, 11:50 a.m.
  • Length: 11:13
Show
View Real Time Build Order
Export as new Build Order

Zealot Protoss - Winner!

Build Orders: 1 Gate Expand 

Get SALT Encoding   

  12  0:00  Probe  
  13  0:15  Probe  
  13  0:18  Pylon  
  14  0:26  Probe  
  15  0:34  Probe  
  15  0:39  Gateway  
  15  0:42  Probe  
  16  0:47  Assimilator  
  17  0:53  Probe  
  18  1:05  Probe  
  19  1:17  Probe  
  20  1:26  Cybernetics Core  
  20  1:29  Probe  
  21  1:38  Nexus  
  21  1:43  Pylon  
  22  1:50  Assimilator  
  22  1:51  Probe  
  22  1:52  Adept  
  22  2:03  Probe  
  22  2:05  Warp Gate  
  25  2:19  Stalker  
  26  2:38  Probe  
  27  2:45  Twilight Council  
  27  2:46  Probe x2  
  29  2:54  Probe x2  
  29  2:56  Sentry  
  29  2:57  Gateway  
  33  3:07  Gateway  
  33  3:11  Probe  
  33  3:12  Probe, Charge  
  34  3:21  Shield Battery  
  34  3:31  Shield Battery  
  34  3:39  Sentry  
  34  3:40  Shield Battery, Probe  
  37  3:54  Stalker  
  39  4:01  Stalker  
  41  4:16  Probe x2  
  43  4:26  Pylon  
  43  4:28  Probe  
  43  4:29  Probe  
  45  4:36  Blink  
  45  4:39  Pylon  
  45  4:40  Probe, Nexus  
  45  4:44  Pylon, Probe  
  47  4:46  Pylon  
  47  4:52  Zealot  
  49  4:53  Probe  
  50  5:00  Zealot  
  50  5:02  Probe  
  53  5:10  Probe  
  54  5:14  Probe  
  54  5:15  Templar Archives  
  54  5:16  Shield Battery  
  55  5:23  Probe  
  55  5:25  Assimilator  
  55  5:26  Probe  
  55  5:36  Stalker x2  
  55  5:37  Stalker  
  55  5:42  Assimilator  
  61  5:47  Probe x2, Robotics Facility  
  63  5:53  Shield Battery  
  63  6:01  Forge  
  63  6:02  Forge  
  63  6:06  Stalker  
  63  6:07  Probe  
  66  6:16  Probe x2  
  68  6:20  Pylon  
  68  6:24  Protoss Ground Weapons Level 1, Protoss Ground Armor Level 1  
  68  6:34  Observer  
  68  6:37  Gateway  
  68  6:39  Gateway  
  68  6:44  Gateway  
  69  6:48  Probe x3  
  72  6:59  Psionic Storm  
  72  7:02  Probe x2  
  72  7:05  Pylon  
  72  7:07  Photon Cannon  
  74  7:11  Immortal, Pylon  
  74  7:12  High Templar x2  
  78  7:18  Pylon  
  78  7:22  Observer  
  82  7:31  Photon Cannon  
  82  7:34  Photon Cannon  
  82  7:37  Photon Cannon  
  82  7:42  Photon Cannon  
  82  7:43  High Templar x2  
  86  7:45  Probe x2  
  86  7:49  Probe  
  89  7:52  Photon Cannon  
  89  7:57  Probe  
  89  7:58  Photon Cannon  
  90  7:59  Observer  
  91  8:07  Probe x2  
  91  8:09  Probe  
  94  8:19  Probe x2, Robotics Facility  
  100  8:20  Immortal  
  100  8:21  Robotics Bay  
  100  8:38  Protoss Ground Armor Level 2  
  100  8:41  Protoss Ground Weapons Level 2  
  100  8:45  Assimilator  
  100  8:47  Nexus  
  100  8:49  Assimilator  
  100  8:51  Pylon  
  100  8:52  Zealot x3  
  100  8:55  Pylon  
  106  9:10  Extended Thermal Lance  
  106  9:13  Colossus  
  106  9:16  Observer, Probe x2  
  114  9:21  Zealot x2  
  114  9:22  Zealot x4  
  126  9:30  Photon Cannon  
  126  9:42  Zealot x3  
  126  9:43  Zealot x2  
  134  10:01  Zealot  
  135  10:08  Zealot x5  
  145  10:32  Stalker  
  145  10:33  Stalker x5  
Show
View Real Time Build Order
Export as new Build Order

IlIlIlIlIlII Terran 

Build Orders: Cyclone Opening 

Get SALT Encoding   

  12  0:09  Supply Depot  
  12  0:12  SCV  
  13  0:25  SCV  
  14  0:31  Barracks  
  14  0:37  SCV  
  15  0:45  Refinery  
  15  0:47  Refinery  
  15  0:52  SCV  
  16  1:04  SCV  
  17  1:18  Orbital Command  
  17  1:21  Reaper  
  18  1:26  Supply Depot  
  18  1:43  SCV  
  19  1:51  Factory  
  19  1:55  SCV  
  19  1:57  Barracks Reactor  
  20  2:07  SCV  
  21  2:10  Supply Depot  
  21  2:19  SCV  
  22  2:32  SCV  
  22  2:34  Marine  
  22  2:35  Marine  
  25  2:39  Factory Tech Lab  
  25  2:44  SCV  
  26  2:45  Command Center  
  26  2:52  Marine x2  
  26  2:57  Cyclone  
  31  3:04  Supply Depot  
  31  3:08  SCV  
  32  3:20  Marine x2  
  34  3:27  Engineering Bay  
  34  3:31  Siege Tank  
  37  3:39  SCV  
  37  3:40  Marine x2  
  40  3:51  SCV  
  40  3:52  Supply Depot  
  41  3:58  Marine x2  
  39  4:03  SCV  
  40  4:14  Siege Tank  
  40  4:15  SCV  
  40  4:16  Marine  
  44  4:17  Orbital Command  
  44  4:22  Barracks  
  44  4:27  SCV  
  44  4:28  Barracks  
  45  4:46  Siege Tank  
  45  4:48  Marine x2  
  50  4:56  Orbital Command  
  50  4:59  Bunker  
  50  5:02  Bunker  
  50  5:11  Marine x3  
  53  5:14  Bunker  
  53  5:16  Barracks Tech Lab  
  53  5:22  SCV x2  
  55  5:29  Marine x2  
  55  5:34  SCV x2  
  58  5:35  Supply Depot  
  58  5:44  Engineering Bay  
  58  5:48  SCV x2  
  60  5:56  Terran Infantry Weapons Level 1  
  60  5:59  Stimpack  
  60  6:00  Missile Turret, SCV x2  
  62  6:06  Ghost Academy  
  62  6:12  Refinery, SCV  
  62  6:15  Refinery  
  62  6:17  SCV  
  64  6:24  SCV  
  65  6:28  Terran Infantry Armor Level 1, Starport  
  65  6:29  SCV  
  66  6:35  Factory Reactor  
  66  6:36  SCV  
  67  6:42  Marine  
  67  6:43  Marine x3  
  71  6:48  Personal Cloaking  
  71  6:50  SCV x2  
  71  6:51  Supply Depot  
  71  6:52  Missile Turret  
  73  6:56  Missile Turret  
  73  7:00  Marine  
  74  7:05  Missile Turret, Marine x2  
  74  7:06  Marine  
  77  7:18  Bunker, SCV x2  
  79  7:22  Supply Depot  
  79  7:25  Supply Depot  
  79  7:29  Medivac x2  
  83  7:30  SCV  
  83  7:34  Marine x2  
  83  7:35  Factory Reactor, Ghost  
  89  7:45  Ghost  
  92  7:52  Marine  
  92  7:55  Marine  
  92  7:57  Concussive Shells  
  94  8:01  Combat Shield  
  94  8:04  Marine  
  95  8:09  Marine  
  96  8:14  Command Center  
  96  8:22  Supply Depot  
  96  8:23  Ghost  
  99  8:27  Ghost  
  99  8:29  Marine x2  
  104  8:44  Hellion  
  104  8:45  Hellion, Medivac  
  104  8:47  Marine  
  110  9:15  Hellion x2, Liberator  
  110  9:16  Liberator  
  120  9:17  Marauder x2, Marine x2  
  126  9:24  Command Center  
  126  10:35  Ghost x2  
  126  10:36  Hellion x2, Marine x2, Medivac x2  
  91  10:53  Marine x2  
Tags
 
Add a new tag
Caveats
  • Supply blocks, unpowered buildings, or Contaminate may cause inaccurate times.
  • Supply counts are checked every 10 seconds.